AoeStats
← Aashman

Oasis

509494003Analyzed
4v4 RM · 6d ago on Sep 27, 2026· 37m 26s· 8 players
Game mode
Random Map
Map size
Large (8 player)
Population
200
Speed
Normal
Resources
Standard
Victory
Conquest
Starting age
Dark Age
Ending age
Imperial Age
RankedLock teamsTeams togetherTeam positionsShared explorationLock speedFull tech treeHidden civsTurbo modeCheats
Victory
Defeat
🇨🇴 Italians · Colombia
1232
+16
🇺🇸 Bohemians · United States
1228
+16
🇺🇸 Georgians · United States
1200
+17
🇮🇳 Bengalis · India
1194
+18
🇺🇸 Britons · United States
1268
-18
🇮🇳 Tatars · India
1253
-18
🇨🇱 Lithuanians · Chile
1220
-16
🇺🇸 Bulgarians · United States
1193
-15
[MLTS] RKotzen
10:46 Feudal Age
9:18 Loom
14:53 Castle Age
12:54 Double-Bit Axe
12:50 Horse Collar
15:43 Scale Barding Armor
15:45 Husbandry
19:14 Forging
23:10 Fervor
25:34 Chain Barding Armor
25:34 Bloodlines
29:05 Iron Casting
29:14 Bow Saw
32:18 Wheelbarrow
32:17 Gold Mining
32:27 Heavy Plow
34:04 Hand Cart
37:12 Imperial Age
35:16 Stone Mining
35:36 Light Cavalry
doncath44
3:12 Loom
11:45 Feudal Age
14:27 Wheelbarrow
15:55 Castle Age
20:03 Wheelbarrow
19:18 Double-Bit Axe
19:16 Horse Collar
20:11 Bow Saw
25:17 Hand Cart
26:42 Gold Mining
26:43 Stone Mining
27:59 Gold Shaft Mining
31:17 Imperial Age
30:40 Heavy Plow
30:55 Bloodlines
30:45 Husbandry
30:52 Scale Barding Armor
32:34 Guilds
32:59 Crop Rotation
32:51 Chain Barding Armor
32:44 Forging
33:25 Conscription
33:11 Paiks
32:36 Elite Battle Elephant
34:34 Plate Barding Armor
34:35 Iron Casting
34:21 Fletching
37:21 Blast Furnace
36:18 Bodkin Arrow
petey_hs
4:16 Loom
10:01 Feudal Age
17:49 Castle Age
16:52 Double-Bit Axe
16:48 Horse Collar
18:50 Fletching
19:41 Bodkin Arrow
23:00 Elite Skirmisher
25:54 Squires
30:02 Caravan
30:43 Padded Archer Armor
31:23 Wheelbarrow
35:40 Imperial Age
34:12 Pikeman
36:08 Chemistry
35:28 Bow Saw
35:20 Heavy Plow
35:39 Town Watch
36:14 Leather Archer Armor
36:41 Conscription
TowLeeDough
7:36 Loom
9:54 Feudal Age
9:57 Man-at-Arms
10:59 Horse Collar
11:07 Double-Bit Axe
12:56 Wheelbarrow
21:13 Town Watch
25:19 Castle Age
23:16 Stone Mining
28:21 Fletching
28:34 Padded Archer Armor
29:33 Hand Cart
30:04 Bow Saw
32:01 Ballistics
31:47 Bodkin Arrow
32:08 Leather Archer Armor
Sun Tzu
6:47 Loom
9:56 Feudal Age
14:42 Horse Collar
18:17 Scale Barding Armor
18:25 Forging
20:12 Double-Bit Axe
24:06 Castle Age
22:12 Fletching
22:58 Padded Archer Armor
25:40 Bodkin Arrow
26:00 Leather Archer Armor
26:57 Bow Saw
31:51 Imperial Age
31:31 Ballistics
32:13 Wheelbarrow
32:40 Bracer
34:02 Chemistry
33:32 Town Watch
35:27 Yeomen
Senshi
5:56 Loom
10:37 Feudal Age
18:48 Horse Collar
24:33 Castle Age
23:45 Scale Barding Armor
24:44 Pikeman
26:36 Double-Bit Axe
28:03 Gambesons
28:26 Squires
29:05 Bow Saw
32:47 Scale Mail Armor
32:36 Gambesons
36:12 Imperial Age
34:18 Wheelbarrow
Aashman
7:39 Loom
10:23 Feudal Age
10:58 Double-Bit Axe
13:09 Wheelbarrow
13:44 Horse Collar
15:36 Fletching
17:08 Padded Archer Armor
19:10 Gold Mining
22:48 Castle Age
22:48 Bloodlines
23:51 Husbandry
23:49 Bodkin Arrow
24:01 Crossbowman
26:12 Leather Archer Armor
27:26 Ballistics
28:37 Bow Saw
33:43 Heavy Plow
35:08 Hand Cart
38:56 Imperial Age
LeCoD13
7:04 Loom
9:36 Feudal Age
12:12 Double-Bit Axe
13:39 Forging
19:54 Castle Age
18:16 Scale Barding Armor
19:41 Bloodlines
28:12 Husbandry
30:12 Chain Barding Armor
34:16 Imperial Age
32:47 Iron Casting
33:25 Town Watch
34:19 Wheelbarrow
33:34 Town Watch
34:02 Bow Saw
34:54 Cavalier
36:53 Plate Barding Armor
Connection lost

Rejoining the realm…

Still unreachable

The connection could not be restored.

Session expired

The server has moved on; the page needs a fresh start.